Schmensch, lawful female human Barbarian --- ----.-- --.....-- ---- |.......-- |<.| --- --.|.....| --..| --.-- -----...-- |...| --...| |....-- --..| |*...| --....------.| --....| --.....--.|..| |.(...| |...........-- #----%@.--- --.....*....| |(...G...`-- |.........-- -.----.-->.------ |........-- ...| |.|--......-----......--- ...--- |.| ------.......-...-- .... |. |--....|....| ...--. -- --....----...| -- - -- |....----....| |.....||....-- ----.----.--- --- --- Schmensch the Barbarian Experience level: 5 Strength: 18 Dexterity: 16 Constitution: 19 Intelligence: 8 Wisdom: 7 Charisma: 7 Health: 0(56) Energy: 15(15) Def: 3 Gold: 104 Moves: 1785 Dungeon seed [set]: Game ID: Schmensch_1676215182 Your Inventory: Coins $ - 104 gold pieces Weapons b - an uncursed +0 short sword (alternate weapon; not wielded) f - an uncursed +0 orcish dagger j - a blessed +0 battle-axe named Axe of Truth (weapon in hands) Armor e - an uncursed +0 ring mail (being worn) n - an uncursed +0 orcish helm Comestibles h - an uncursed lichen corpse s - 2 uncursed food rations Scrolls g - 2 uncursed scrolls of identify i - an uncursed scroll of light k - a cursed scroll of taming o - a cursed scroll of light p - an uncursed scroll of teleportation Potions l - an uncursed potion of monster detection Wands d - an uncursed wand of digging (0:8) q - an uncursed wand of enlightenment (0:11) Tools a - an uncursed lock pick Gems r - an uncursed jacinth y - 2 uncursed worthless pieces of green glass Spells and supernatural/magical abilities: Name Level Category Fail Memory W - pray for help -- divine ? -- Your skills at the end: Miscellaneous Skills bare handed combat [Basic] Weapon Skills axe [Basic] short sword [Basic] Spellcasting Skills Final Attributes: You were piously aligned. You were poison resistant. You were somewhat stealthy. You are dead. Vanquished creatures: a gnome lord a gnomish wizard a kitten 2 dwarves 3 homunculi an iguana a rabid rat a gas spore an acid blob 2 geckos 2 hobgoblins 4 giant rats a green mold 4 gnomes 2 manes 2 jackals 2 foxes 2 kobolds 6 newts 2 goblins 4 sewer rats 3 lichens a kobold zombie 49 creatures vanquished. Voluntary challenges: You did not adorn yourself with jewelry or accessories. You did not cause conflict. You were not invisible. You did not have reflection. You were not displaced. You were an atheist. You used a wielded weapon 48 times, starting on turn 75. You did not apply a unicorn horn. You did not use plumbed fixtures. You did not drink any magical draughts. You were illiterate. You never genocided any monsters. You never polymorphed an object. You never changed form. You used no wishes. You did not use any artifacts. You never split a pudding. You never wrote Elbereth's name. You never violated your personal moral code. Dungeon overview: The Dungeons of Doom: levels 1 to 3 Level 1 some fountains a long staircase Level 2 a vault, an altar to Mitra Level 3 a vault stairs to The Gnomish Mines The Gnomish Mines: Level 4 <- You were here stairs to The Dungeons of Doom History has recorded: On T:1 you entered the Dungeons of Doom to retrieve the Amulet of Yendor! On T:262 you became devout. On T:270 you advanced to experience level 2. On T:505 you reached level 2 of The Dungeons of Doom. On T:589 you became pious. On T:640 you advanced to experience level 3. On T:1031 you reached level 3 of The Dungeons of Doom. On T:1542 you advanced to experience level 4. On T:1640 you reached level 1 of The Gnomish Mines. On T:1718 you advanced to experience level 5. Score breakdown: Gold: 104 ( 10 points) Experience: 5 levels ( 400 points) Exploration: 4 levels ( 90 points) Discoveries: 10 items ( 500 points) Variety of kills: 23 monsters ( 1150 points) Major goal: (nothing yet) ( 0 points) Survival: died (score multiplied by 3) Total score: 6450 Latest messages: Click! The dwarf triggers a rolling boulder trap. The boulder hits the dwarf! The dwarf is killed! You stop eating. You are hit by a boulder. You resume your meal. You finish eating the dwarf corpse. You see here a partly eaten gnome lord corpse. This gnome lord corpse tastes terrible! You finish eating the gnome lord corpse. You see here a homunculus corpse. You see here a pick-axe. The rabid rat bites! You kill the rabid rat! You stop searching. Click! The gnome king triggers a rolling boulder trap. The boulder hits the gnome king! The gnome king picks up a dwarvish cloak. The gnome king puts on a dwarvish cloak. The gnome king punches you! You kill the gas spore! The gnome king is caught in the gas spore's explosion! You are caught in the gas spore's explosion! The gnome king punches you! You die... Final status: Goodbye Schmensch the Barbarian, killed by a gnome king... You died in The Gnomish Mines on dungeon level 4 with 6450 points, and 104 pieces of gold, after 1785 moves. You were level 5 with a maximum of 56 hit points when you died.